 Dungeon Crawl Stone Soup version 0.23.1 (webtiles) character file.

Game seed: 0

7786 Maveej the Grappler (level 11, -3/101 HPs)
             Began as a Troll Monk on Mar 5, 2019.
             Was an Elder of Trog.
             Hit by a javelin thrown by Urug (15 damage)
             ... on level 11 of the Dungeon on Mar 6, 2019.
             The game lasted 00:30:20 (7654 turns).

Maveej the Grappler (Troll Monk)                    Turns: 7654, Time: 00:30:20

Health: -3/101     AC:  9    Str: 24    XL:     11   Next: 1%
Magic:  10/10      EV: 12    Int:  6    God:    Trog [****..]
Gold:   660        SH:  0    Dex: 12    Spells: 10/10 levels left

rFire    . . .     SeeInvis .     - Unarmed
rCold    . . .     Gourm    +   (no shield)
rNeg     + . .     Faith    .   l - +0 robe {MR+}
rPois    .         Spirit   .   (helmet restricted)
rElec    .         Reflect  .   L - +0 cloak
rCorr    .         Harm     .   (gloves unavailable)
MR       +....                  (boots unavailable)
Stlth    ++........             t - amulet of rage
HPRegen  0.66/turn              s - +2 ring of protection
MPRegen  0.12/turn              M - ring of positive energy

@: hasted, drained, very quick
A: large, unfitting armour, claws 3, fast metabolism 3, gourmand, regeneration
1, shaggy fur 1, tough skin 3
a: Berserk, Trog's Hand, Brothers in Arms, Renounce Religion, Evoke Berserk Rage


You were on level 11 of the Dungeon.
You worshipped Trog.
Trog was greatly pleased with you.
You were completely stuffed.

You visited 2 branches of the dungeon, and saw 11 of its levels.

You collected 660 gold pieces.

Inventory:

Hand Weapons
 w - a +2 dagger of venom
 y - a cursed -2 blowgun
 O - a cursed -2 trident
 R - a +2 shortbow of flaming
Missiles
 q - 39 sling bullets
 I - 8 javelins of returning (quivered)
 S - 84 arrows
Armour
 a - a +0 robe
 e - a +0 cloak
 l - a +0 robe of magic resistance (worn)
 L - a +0 cloak (worn)
 V - a +0 robe of resistance
Jewellery
 s - a +2 ring of protection (left claw)
 t - an amulet of rage (around neck)
 F - an uncursed ring of magical power
 M - a ring of positive energy (right claw)
Wands
 p - a wand of acid (6)
 x - a wand of digging (4)
 z - a wand of paralysis (8)
 P - a wand of polymorph (9)
Scrolls
 c - 3 scrolls of identify
 d - 2 scrolls of fog {unknown}
 f - 3 scrolls of teleportation {unknown}
 g - 3 scrolls of silence {unknown}
 n - a scroll of random uselessness {unknown}
 o - 6 scrolls of remove curse
 v - 4 scrolls of enchant armour {unknown}
 C - 3 scrolls of amnesia {unknown}
 E - a scroll of enchant weapon {unknown}
 G - a scroll of noise {unknown}
 Q - a scroll of vulnerability {unknown}
 U - a scroll of fear {unknown}
Potions
 h - 6 potions of curing
 i - 3 potions of degeneration {unknown}
 j - a potion of haste
 k - 2 potions of cancellation {unknown}
 m - a potion of brilliance {unknown}
 r - 3 potions of heal wounds {unknown}
 u - 2 potions of mutation {unknown}
 A - a potion of invisibility {unknown}
 D - 2 potions of agility {unknown}
 H - 3 potions of flight {unknown}
 J - a potion of lignification {unknown}
 K - 3 potions of might {unknown}
Comestibles
 b - 28 rations


   Skills:
 + Level 4.3(3.5) Fighting
 + Level 6.8(5.9) Dodging
 + Level 4.2(3.4) Stealth
 + Level 13.0(12.0) Unarmed Combat


You had 10 spell levels left.
You didn't know any spells.
Your spell library contained the following spells:

 Spells                   Type           Power        Failure   Level  Hunger
 Corona                   Hex            #......      45%         1    ##.....
 Magic Dart               Conj           #...         45%         1    ##.....
 Blink                    Tloc           N/A          58%         2    ###....
 Call Imp                 Summ           #.......     58%         2    ###....
 Ensorcelled Hibernation  Hex/Ice        #.....       58%         2    ###....
 Slow                     Hex            #.......     58%         2    ###....
 Confuse                  Hex            #.......     83%         3    ####...
 Conjure Flame            Conj/Fire      #.......     83%         3    ####...
 Dazzling Spray           Conj/Hex       #.....       83%         3    ####...
 Mephitic Cloud           Conj/Pois/Air  #.......     83%         3    ####...
 Tukima's Dance           Hex            #.......     83%         3    ####...


Dungeon Overview and Level Annotations

Branches:
Dungeon (9/15)             Temple (1/1) D:5             Orc (0/2) D:9
   Lair: D:8-11

Altars:
Ashenzari
Cheibriados
Dithmenos
Elyvilon
Fedhas
Gozag
Hepliaklqana
Kikubaaqudgha
Makhleb
Nemelex Xobeh
Okawaru
Qazlal
Ru
Sif Muna
Trog
Uskayaw
Vehumet
Wu Jian
Xom
Yredelemnul
Zin
The Shining One

Annotations:
D:11 2 transporters, Urug; WaifuGate's ghost, journeyman OgCj


Innate Abilities, Weirdness & Mutations

You are too large for most types of armour.
You have claws for hands.
Your metabolism is lightning-fast.
You like to eat raw meat.
Your natural rate of healing is unusually fast.
You are covered in fur. (AC +1)
You have extremely tough skin. (AC +3)


Message History

You barely miss Urug.
Urug hits you with a +6 eveningstar of draining!!
You partially resist.
You feel drained.
You mangle Urug!!
Urug is moderately wounded.
Urug screams, "All you harpies will die!"
Urug hits you with a +6 eveningstar of draining.
You partially resist.
You feel drained.
You closely miss Urug.
Urug is moderately wounded.
You feel better.
Urug hits you with a +6 eveningstar of draining!
You partially resist.
You feel drained.
You feel yourself speed up.
Urug hits you with a +6 eveningstar of draining!!
* * * LOW HITPOINT WARNING * * *
You partially resist.
You feel drained.
* * * LOW HITPOINT WARNING * * *
Urug throws a javelin.
The javelin hits you!
You die...

## #....## #...#
.###....# #...
...#....### #..#
#..
..........####..#
#..#
............#..#
...##
..###.........##
....# ###
#......#...##
....
#....#####..##
#..# #.....#
##.@####cr.##..
#.....#
##..#(hcs.....
.........#
##)o###.....<
......... ##(##
.oc.. .......
#..# ..## ...
#.....# ## ....
.....##.# #...
#..##(. #.. #..
..# ## .#.


You could see Urug.

Vanquished Creatures
  A two-headed ogre (D:8)
  2 trolls (D:11)
  A hippogriff (D:7)
  Sigmund (D:2)
  A wyvern (D:8)
  5 yaks (D:11)
  Eustachio (D:4)
  3 wargs (D:9)
  An acid dragon (D:11)
  A water moccasin (D:6)
  2 ice beasts
  3 sky beasts
  3 black bears
  A hornet zombie (D:7)
  2 orc warriors
  A phantom (D:7)
  3 ogres
  9 centaurs
  5 bullfrogs
  A gnoll sergeant (D:9)
  A wyvern skeleton (D:11)
  2 scorpions
  4 killer bees (D:8)
  4 wights (D:11)
  2 vampire bats (D:8)
  3 howler monkeys (D:11)
  3 crimson imps
  2 jellies
  6 orc priests
  3 centaur zombies
  3 hounds
  A quasit (D:9)
  A bullfrog skeleton (D:6)
  4 centaur skeletons
  Jessica (D:2)
  5 iguanas
  Natasha (thrice) (D:4)
  9 orc wizards
  7 worker ants
  A hound skeleton (D:8)
  3 worker ant zombies
  4 gnolls (D:9)
  A howler monkey skeleton (D:6)
  10 adders
  4 shadow imps
  An ooze (D:3)
  An adder skeleton (D:6)
  A worm (D:5)
  2 dart slugs
  4 leopard geckos
  20 orcs
  5 ball pythons
  3 bat skeletons (D:8)
  2 bat zombies (D:8)
  9 giant cockroaches
  4 hobgoblins
  16 jackals
  2 quokkas
  3 bats
  4 frilled lizards
  5 goblins
  11 kobolds
  A leopard gecko zombie (D:4)
  A quokka zombie (D:8)
  6 rats
  A plant (D:9)
236 creatures vanquished.

Vanquished Creatures (others)
  A wizard (D:6)
1 creature vanquished.

Grand Total: 237 creatures vanquished

Notes
Turn   | Place    | Note
-------+----------+-------------------------------------------
     0 | D:1      | Maveej the Troll Monk began the quest for the Orb.
     0 | D:1      | Reached XP level 1. HP: 22/22 MP: 0/0
   110 | D:1      | Reached XP level 2. HP: 27/29 MP: 1/1
   700 | D:2      | Noticed Jessica
   703 | D:2      | Reached XP level 3. HP: 35/36 MP: 2/2
   723 | D:2      | Killed Jessica
   766 | D:2      | Noticed Sigmund
   774 | D:2      | Killed Sigmund
   774 | D:2      | Reached skill level 4 in Unarmed Combat
   774 | D:2      | Reached XP level 4. HP: 39/45 MP: 3/3
   774 | D:2      | Reached XP level 5. HP: 46/53 MP: 4/4
   816 | D:2      | Reached skill level 5 in Unarmed Combat
  1515 | D:3      | Reached XP level 6. HP: 61/61 MP: 5/5
  2116 | D:4      | Found an ornate altar of the Wu Jian Council.
  2118 | D:4      | Found a sparkling altar of Nemelex Xobeh.
  2118 | D:4      | Found a snail-covered altar of Cheibriados.
  2119 | D:4      | Found a shimmering altar of Xom.
  2119 | D:4      | Found a basalt altar of Yredelemnul.
  2119 | D:4      | Found a radiant altar of Vehumet.
  2119 | D:4      | Found an opulent altar of Gozag.
  2145 | D:4      | Noticed Eustachio
  2232 | D:4      | Killed Eustachio
  2232 | D:4      | Reached skill level 6 in Unarmed Combat
  2232 | D:4      | Reached XP level 7. HP: 41/67 MP: 6/6
  2329 | D:4      | Noticed Natasha
  2354 | D:4      | Killed Natasha
  2371 | D:4      | Noticed Natasha
  2375 | D:4      | Killed Natasha
  2514 | D:4      | Noticed Natasha
  2523 | D:4      | Killed Natasha
  2787 | D:5      | Entered Level 5 of the Dungeon
  2815 | D:5      | Reached skill level 7 in Unarmed Combat
  2979 | D:5      | Reached XP level 8. HP: 75/75 MP: 7/7
  3450 | D:5      | Found a staircase to the Ecumenical Temple.
  3492 | Temple   | Entered the Ecumenical Temple
  3625 | Temple   | Became a worshipper of Trog the Wrathful
  3625 | Temple   | Reached * piety under Trog
  3625 | Temple   | Reached ** piety under Trog
  3675 | D:6      | Found a shattered altar of Ashenzari.
  3709 | D:6      | Found a bloodstained altar of Trog.
  3710 | D:6      | Noticed a wizard
  3716 | D:6      | Killed a wizard
  3885 | D:6      | Reached skill level 8 in Unarmed Combat
  3974 | D:6      | Reached skill level 5 in Dodging
  4311 | D:6      | Reached skill level 9 in Unarmed Combat
  4627 | D:7      | Reached XP level 9. HP: 76/84 MP: 8/8
  4725 | D:7      | Found a glowing golden altar of the Shining One.
  4725 | D:7      | Found a glowing silver altar of Zin.
  4726 | D:7      | Found a white marble altar of Elyvilon.
  4779 | D:7      | Reached skill level 10 in Unarmed Combat
  4920 | D:7      | Found a shimmering altar of Xom.
  5282 | D:8      | Reached *** piety under Trog
  5362 | D:8      | Found an ancient bone altar of Kikubaaqudgha.
  5903 | D:8      | Noticed a two-headed ogre
  5914 | D:8      | Killed a two-headed ogre
  5914 | D:8      | Reached skill level 11 in Unarmed Combat
  5914 | D:8      | Reached XP level 10. HP: 58/92 MP: 9/9
  6268 | D:9      | Reached **** piety under Trog
  6440 | D:9      | Found a shadowy altar of Dithmenos.
  6520 | D:9      | Found a hide-covered altar of Uskayaw.
  6531 | D:9      | Found a staircase to the Orcish Mines.
  6983 | D:9      | You fall through a shaft for 2 floors!
  7029 | D:11     | Reached skill level 12 in Unarmed Combat
  7229 | D:11     | Found a transporter.
  7229 | D:11     | Noticed WaifuGate's ghost (journeyman OgCj)
  7243 | D:11     | Found a transporter.
  7624 | D:11     | Noticed Urug
  7641 | D:11     | Reached skill level 13 in Unarmed Combat
  7644 | D:11     | Reached XP level 11. HP: 74/101 MP: 10/10
  7654 | D:11     | Hit by a javelin thrown by Urug

Skill      XL: |  1  2  3  4  5  6  7  8  9 10 |
---------------+-------------------------------+-----
Dodging        | 3 4 5 6 |  6.8
Fighting       | 3 4 |  4.3
Unarmed Combat | 4 5 6 7 9 11 13 | 13.0
Stealth        | 2 3 4 |  4.2

Action                   |  1- 3 |  4- 6 |  7- 9 | 10-12 || total
-------------------------+-------+-------+-------+-------++-------
Melee: Unarmed           |    96 |   130 |   289 |   176 ||   691
       Punch             |     2 |     3 |    10 |    11 ||    26
  Use: Scroll            |       |     3 |     4 |     3 ||    10
       Potion            |       |     1 |       |     4 ||     5
 Stab: Sleeping          |       |     3 |    11 |     3 ||    17
  Eat: Chunk             |    13 |    10 |    37 |    15 ||    75
Armor: Robe              |    35 |    91 |    98 |    41 ||   265
Dodge: Dodged            |    57 |   112 |   177 |    81 ||   427
